 Dungeon Crawl Stone Soup version 0.18-a0-1800-gdc7a371 (webtiles) character file.

17 tyvek the Sneak (level 2, -3/13 HPs)
             Began as a Spriggan Enchanter on Apr 24, 2016.
             Slain by a goblin
             ... wielding a +0 dagger
              (5 damage)
             ... on level 1 of the Dungeon.
             The game lasted 00:00:54 (448 turns).

tyvek the Sneak (Spriggan Enchanter)                 Turns: 448, Time: 00:00:55

Health: -3/13      AC:  3    Str:  4    XL:     2   Next: 44%
Magic:  1/7        EV: 18    Int: 16    God:
Gold:   10         SH:  0    Dex: 16    Spells: 2 memorised, 4 levels left

rFire  + . .     SeeInvis +     a - +1 dagger
rCold  . . .     Gourm    .     b - +1 robe
rNeg   . . .     Faith    .     (shield restricted)
rPois  .         Spirit   .     (helmet restricted)
rElec  .         Dismiss  .     (no cloak)
rCorr  .         Reflect  .     (gloves unavailable)
SustAt .         Harm     .     (boots unavailable)
MR     .....                    (no amulet)
Stlth  +++.......               (no ring)
                                f - ring of protection from fire {rF+, !d}

@: very quick, not resistant to hostile enchantments, fairly stealthy
A: unfitting armour, see invisible, herbivore 3, speed 3, slow metabolism 2
a: no special abilities


You were on level 1 of the Dungeon.
You were not hungry.

You visited 1 branch of the dungeon, and saw 1 of its levels.

You collected 10 gold pieces.

Inventory:

Hand Weapons
 a - a +1 dagger (weapon)
Armour
 b - a +1 robe (worn)
Jewellery
 f - a ring of protection from fire (left hand) {rF+, !d}
   (You found it on level 1 of the Dungeon)
Scrolls
 e - a scroll of remove curse {unknown}
Books
 c - a book of Maledictions
Comestibles
 d - a bread ration {@e1}


   Skills:
 - Level 1.1 Short Blades
 - Level 3.0 Dodging
 * Level 5.3 Stealth
 * Level 3.1 Spellcasting
 + Level 3.7 Hexes


You had 4 spell levels left.
You knew the following spells:

 Your Spells              Type           Power        Failure   Level  Hunger
a - Ensorcelled Hibernat  Hex/Ice        #.....       14%         2    ##.....
v - Corona                Hex            ##.....      4%          1    #......


Dungeon Overview and Level Annotations

Branches:
Dungeon (1/15)

Altars:


Innate Abilities, Weirdness & Mutations

You are tiny and cannot use many weapons and most armour.
You have supernaturally acute eyesight.
You are a herbivore.
You cover ground extremely quickly.
You need consume almost no food.


Message History

The bat closely misses you.
The rat twitches its whiskers.
The bat closely misses you. The bat misses you. The bat barely misses you.
You miss the bat. The bat hits you but does no damage.
The bat completely misses you.
You closely miss the bat. The bat closely misses you.
The jackal completely misses you.
You hit the jackal. The bat closely misses you.
The jackal bites you but does no damage.
A giant newt comes into view.
You hit the jackal but do no damage. The bat closely misses you.
The jackal closely misses you. The rat closely misses you.
You barely miss the jackal. The jackal misses you.
The rat completely misses you. The jackal completely misses you.
You hit the jackal.
The bat barely misses you. x2; The jackal misses you.
The rat misses you.
A goblin and a hobgoblin come into view.
The hobgoblin shouts!
The goblin shouts!
You hit the jackal.
You kill the jackal!
The bat closely misses you. The rat closely misses you.
You hit the rat. The bat closely misses you.
The bat hits you but does no damage. The rat bites you.
You take 2 damage, and have 11/13 hp.
You barely miss the rat. The bat completely misses you. The bat hits you.
A rat comes into view.
You take 1 damage, and have 10/13 hp.
You hit the rat.
You kill the rat!
The bat completely misses you.
You closely miss the bat. The bat misses you.
The giant newt bites you but does no damage.
A rat comes into view.
You hit the bat. The bat misses you. The giant newt barely misses you.
A goblin comes into view.
You barely miss the giant newt. The bat closely misses you.
The giant newt bites you but does no damage.
The goblin shouts!
You hit the bat.
You kill the bat!
Your Spellcasting skill increases to level 3!
The giant newt barely misses you.
You hit the hobgoblin. The hobgoblin closely misses you.
The giant newt closely misses you.
Aim: a giant newt (chance to defeat MR: 84%)
The giant newt is outlined in light.
The goblin barely misses you. The giant newt completely misses you.
The hobgoblin hits you with a club.
You take 1 damage, and have 10/13 hp.
You now have 5/7 mp.
You completely miss the giant newt. The goblin hits you with a dagger.
The giant newt closely misses you. The hobgoblin misses you.
You take 2 damage, and have 8/13 hp.
Aim: a giant newt (softly glowing, chance to defeat MR: 78%)
The giant newt resists with significant effort.
The goblin closely misses you. The giant newt closely misses you.
The hobgoblin closely misses you.
You now have 3/7 mp.
You hit the hobgoblin. The goblin completely misses you.
The giant newt bites you. The hobgoblin closely misses you.
You take 2 damage, and have 6/13 hp.
Aim: a giant newt (softly glowing, chance to defeat MR: 78%)
You miscast Ensorcelled Hibernation.
You are very lightly contaminated with residual magic.
You hear an indistinct dissonance whispering inside your mind.
The goblin closely misses you. The giant newt bites you.
You take 2 damage, and have 4/13 hp.
You now have 1/7 mp.
The hobgoblin closely misses you.
You see here a dagger.
The giant newt stops glowing.
A jackal comes into view.
The jackal moves out of view.
You open the door. The hobgoblin hits you with a club.
* * * LOW HITPOINT WARNING * * *
You take 2 damage, and have 2/13 hp.
There is an open door here.
Aim: a goblin (chance to defeat MR: 78%)
The goblin looks drowsy...
You now have 1/7 mp.
The helpless goblin fails to defend itself.
You impale the goblin!!
You kill the goblin!
You don't have enough magic to cast that spell.
You closely miss the rat. The rat barely misses you.
You closely miss the rat. The rat bites you.
* * * LOW HITPOINT WARNING * * *
You take 1 damage, and have 2/13 hp.
You hit the rat.
You kill the rat!
You hit the hobgoblin.
You kill the hobgoblin!
Your magical contamination has completely faded away.
You hit the goblin but do no damage. The goblin misses you.
Aim: a goblin, wielding a dagger (chance to defeat MR: 84%)
The goblin is outlined in light.
The goblin misses you.
You hit the goblin. The goblin closely misses you.
You barely miss the goblin. The goblin misses you.
The rat twitches its whiskers.
You hit the goblin. The goblin hits you with a dagger.
You die...

### #.. #.# ###### #.# #....# #.#
#....# #.#
#########....###.##########
...>....'.................#
......###.....##@#######†.## ###
......###.....##g###.......# ..#
........).......rl.+.......+ ...
.....########r##.###.......#..#
.............g....##.†...%.#..#..
...........................r.....
..................#######..#..#..
............).....#######........
.................).....g.......h.


You could see a goblin, a giant newt and a rat.

Vanquished Creatures
  A dart slug (D:1)
  2 goblins (D:1)
  4 hobgoblins (D:1)
  A jackal (D:1)
  3 bats (D:1)
  3 rats (D:1)
14 creatures vanquished.

Notes
Turn   | Place    | Note
--------------------------------------------------------------
     0 | D:1      | tyvek the Spriggan Enchanter began the quest for the Orb.
     0 | D:1      | Reached XP level 1. HP: 9/9 MP: 5/5
    58 | D:1      | Reached skill level 5 in Stealth
   265 | D:1      | Reached XP level 2. HP: 8/13 MP: 4/6
   379 | D:1      | Learned a level 2 spell: Ensorcelled Hibernation
   407 | D:1      | Reached skill level 3 in Spellcasting
   431 | D:1      | HP: 2/13 [hobgoblin/club (2)]
   441 | D:1      | HP: 2/13 [rat (1)]
   448 | D:1      | Slain by a goblin

Vault maps used:
D:1:      dpeg_arrival_subterranean_lakeside_camping, minmay_misc_feat_encased

Skill      XL: |  1  2 |
---------------+-------+-----
Stealth        | 5 |  5.3
Spellcasting   | 3 |  3.1
Short Blades   | |  1.1
Dodging        | |  3.0
Hexes          | |  3.7

Action                   || total
-------------------------++-------
Melee: Dagger            ||    51
 Cast: Corona            ||     6
       Ensorcelled Hiber ||     2
 Stab: Sleeping          ||     3
Armor: Robe              ||     9
Dodge: Dodged            ||    58

Vault maps used:
D:1:      dpeg_arrival_subterranean_lakeside_camping, minmay_misc_feat_encased

Table legend:
 A = Turns spent in this place as a percentage of turns spent in the entire game.
 B = Non-inter-level travel turns spent in this place as a percentage of non-inter-level travel turns spent in the entire game.
 C = Inter-level travel turns spent in this place as a percentage of turns spent in this place.
 D = Turns resting spent in this place as a percentage of non-inter-level travel turns spent in this place.
 E = Turns spent auto-exploring this place as a percentage of non-inter-level travel turns spent in this place.
 F = Non-inter-level travel turns spent in this place divided by the number of levels of this place that you've seen.
                   A       B       C       D       E      F
               +-------+-------+-------+-------+-------+----------------------
         Total | 100.0 | 100.0 |   0.0 |   2.5 |   4.9 | 162.0
       Dungeon | 100.0 | 100.0 |   0.0 |   2.5 |   4.9 | 162.0
               +-------+-------+-------+-------+-------+----------------------

Table legend:
 A = Kills in this place as a percentage of kills in entire the game.
 B = Kills by you in this place as a percentage of kills by you in the entire game.
 C = Kills by friends in this place as a percentage of kills by friends in the entire game.
 D = Other kills in this place as a percentage of other kills in the entire game.
 E = Experience gained in this place as a percentage of experience gained in the entire game.
 F = Experience gained in this place divided by the number of levels of this place that you have seen.
                   A       B       C       D       E      F
               +-------+-------+-------+-------+-------+----------------------
         Total | 100.0 | 100.0 |  -nan |  -nan | 100.0 |  25.0
       Dungeon | 100.0 | 100.0 |  -nan |  -nan | 100.0 |  25.0
               +-------+-------+-------+-------+-------+----------------------
